 Dungeon Crawl Stone Soup version 0.31-a0-1178-gc5c9b8f871 (webtiles) character file.

Game seed: 14329196616931071218

23160 porpoise the Severer (level 12, -5/112 HPs)
             Began as a Minotaur Cinder Acolyte on Dec 12, 2023.
             Was a High Priest of Ignis.
             Killed by divine providence
             ... invoked by a meliai
              (11 damage)
             ... on level 4 of the Lair of Beasts.
             The game lasted 00:45:22 (17383 turns).

porpoise the Severer (Minotaur Cinder Acolyte)     Turns: 17383, Time: 00:45:23

Health: -5/112     AC: 21    Str: 24    XL:     12   Next: 69%
Magic:  12/12      EV:  8    Int: 21    God:    Ignis [*****.]
Gold:   683        SH: 11    Dex: 11    Spells: 13/13 levels left

rFire   + . .        a - +0 war axe
rCold   . . .        f - +0 kite shield
rNeg    + . .        M - +1 plate armour of Benevolence {rC- Int+3 Dex+3}
rPois   .            R - +1 hat {Int+3}
rElec   .            v - +2 cloak
rCorr   .            u - +0 pair of gloves
SInv    +            x - +0 pair of boots of the Stars {rC+ Will+}
Will    +....        (no amulet) Stlth
                     y - ring of positive energy
HPRegen 0.38/turn    q - ring "Lanarog" {Str+2 Int+4 SInv}
MPRegen 0.13/turn

%: no passive effects
@: no status effects
A: horns 2, retaliatory headbutt
a: Renounce Religion, Fiery Armour, Foxfire Swarm, Rising Flame


You were on level 4 of the Lair of Beasts.
You worshipped Ignis.
Ignis was extremely pleased with you.
You visited 2 branches of the dungeon, and saw 15 of its levels.

You collected 972 gold pieces.
You spent 289 gold pieces at shops.

Inventory:

Hand Weapons
 a - a +0 war axe (weapon)
 b - a +0 sling
 i - a +1 battleaxe of electrocution
 w - a -1 hand axe of flaming
Armour
 f - a +0 kite shield (worn)
 h - +0 steam dragon scales
 u - a +0 pair of gloves (worn)
 v - a +2 cloak (worn)
 x - the +0 pair of boots of the Stars (worn) {rC+ Will+}
   (You found it on level 7 of the Dungeon)

   rC+:       It protects you from cold.
   Will+:     It increases your willpower.
 M - the +1 plate armour of Benevolence (worn) {rC- Int+3 Dex+3}
   (You found it on level 10 of the Dungeon)

   Int+3:     It affects your intelligence (+3).
   Dex+3:     It affects your dexterity (+3).
   rC-:       It makes you vulnerable to cold.
 R - a +1 hat of intelligence (worn)
Jewellery
 q - the ring "Lanarog" (right hand) {Str+2 Int+4 SInv}
   (You found it on level 3 of the Lair of Beasts)

   [ring of see invisible]

   Str+2:     It affects your strength (+2).
   Int+4:     It affects your intelligence (+4).
   SInv:      It lets you see invisible.
 y - a ring of positive energy (left hand)
 L - a +6 ring of strength
 N - a ring of ice
Wands
 c - a wand of polymorph (11)
 r - a wand of flame (7)
 G - a wand of iceblast (23)
 H - a wand of acid (15)
Scrolls
 g - 8 scrolls of teleportation
 j - a scroll of vulnerability
 l - 2 scrolls of poison
 n - 4 scrolls of revelation
 o - 2 scrolls of fear
 p - a scroll of blinking
 t - a scroll of immolation
 D - a scroll of enchant weapon
 F - a scroll of enchant armour {unknown}
Potions
 e - 2 potions of attraction
 m - a potion of brilliance
 s - 2 potions of ambrosia
 A - 3 potions of curing
 J - a potion of enlightenment
Miscellaneous
 k - a sack of spiders
 K - a phantom mirror


   Skills:
 + Level 11.8 Fighting
 - Level 16.0 Axes
 - Level 7.0 Armour
 - Level 7.0 Dodging
 + Level 11.6 Shields
 - Level 1.0 Spellcasting
 - Level 2.1 Fire Magic
 - Level 5.0 Evocations


You had 13 spell levels left.
You didn't know any spells.
Your spell library contained the following spells:

 Spells                   Type           Power      Damage    Failure   Level
 Scorch                   Fire           20%        2d5       92%         2
 Freeze                   Ice            4%         1d3       98%         1
 Cigotuvi's Dreadful Rot  Necr/Pois/Air  2%         N/A       99%         2
 Ensorcelled Hibernation  Hex/Ice        2%         N/A       99%         2
 Jinxbite                 Hex            2%         N/A       99%         2
 Frozen Ramparts          Ice            2%         1d1       100%        3
 Hailstorm                Conj/Ice       1%         3d5       100%        3
 Anguish                  Hex/Necr       0%         N/A       100%        4
 Cause Fear               Hex            0%         N/A       100%        4
 Dispel Undead            Necr           1%         3d6       100%        4
 Death Channel            Necr           0%         N/A       100%        6
 Enfeeble                 Hex            0%         N/A       100%        7


Dungeon Overview and Level Annotations

Branches:
Dungeon (11/15)            Temple (0/1) D:5            Lair (4/5) D:9
 Shoals (0/4) Lair:3        Snake (0/4) Lair:2
  Slime: Lair:4-5       Orc: D:9-12

Altars:
Ashenzari
Elyvilon
Hepliaklqana
Kikubaaqudgha
Makhleb
Nemelex Xobeh
Okawaru
Qazlal
Sif Muna
Trog
Uskayaw
Vehumet
Xom
Zin
The Shining One

Shops:
D:7 (

Annotations:
D:8 exclusion: statue


Innate Abilities, Weirdness & Mutations

You have a pair of horns on your head.
You reflexively headbutt those who attack you in melee.


Message History

* * * LOW HITPOINT WARNING * * *
You are poisoned.
The killer bee poisons you!
You hit the killer bee but do no damage.
The killer bee is heavily wounded.
You closely miss the killer bee.
You feel sick. You block the killer bee's attack. x2
The killer bee stings you but does no damage.
You block the killer bee's attack.
Unknown command.
You miss the killer bee.
The killer bee buzzes angrily.
Your headbutt misses the killer bee.
The killer bee is heavily wounded.
You closely miss the killer bee.
You feel sick. You block the killer bee's attack.
The killer bee stings you but does no damage.
You slash the killer bee!
You kill the killer bee!
You hit the killer bee. You block the killer bee's attack.
The killer bee stings you but does no damage.
You feel better. You block the killer bee's attack.
The meliai invokes the aid of its god against you.
Something smites you!
* * * LOW HITPOINT WARNING * * *
The killer bee stings you but does no damage.
You slash the killer bee!
You kill the killer bee!
You hit the killer bee but do no damage.
You hit the killer bee. Your headbutt misses the killer bee.
The killer bee is lightly wounded.
The killer bee stings you.
* * * LOW HITPOINT WARNING * * *
You block the killer bee's attack. x2
You miss the killer bee.
The killer bee is lightly wounded.
You hit the killer bee. You block the killer bee's attack.
The meliai calls down the wrath of its god upon you.
Something smites you!
You die... #!..! #..†y .!yy yyy

... yy ...# #y####
...# #y#..##
#...### #y@...#
.......
###...######.......
#.....#.#.#....#
#.............#
#.............#
#...###P##....##.
.....# #####......
.....P# #.......
####./P# ##..##.#


You could see 3 meliai and 8 killer bees.

Vanquished Creatures
  Gastronok (Lair:1)
  Fannar (D:10)
  Harold (Lair:1)
  A rakshasa (D:8)
  A hydra (Lair:3)
  A two-headed ogre (D:9)
  Nergalle (D:10)
  Pikel (D:6)
  A salamander (Lair:2)
  9 cane toads
  A gargoyle (D:10)
  A rime drake (Lair:4)
  4 komodo dragons
  A troll (D:10)
  A polar bear (Lair:1)
  A hornet (D:10)
  Prince Ribbit (D:5)
  5 blink frogs (Lair:3)
  A slime creature (D:8)
  33 yaks
  A vampire (D:9)
  A wyvern (D:8)
  A wraith (D:9)
  A basilisk (Lair:2)
  2 steam dragons
  2 nagas (Lair:2)
  5 water moccasins
  Duvessa (D:6)
  2 orc warriors (D:9)
  3 black bears
  3 sky beasts
  8 wolves
  5 centaurs
  2 phantoms
  9 bullfrogs
  4 kobold brigands
  3 scorpions
  2 gnoll sergeants (D:8)
  5 wights (D:8)
  Dowan (D:6)
  15 killer bees
  A howler monkey (D:5)
  2 jellies
  Crazy Yiuf (D:6)
  4 hounds
  A gnoll bouda (D:5)
  5 orc priests
  An iguana (D:6)
  2 sleepcaps
  13 orc wizards
  Robin (D:2)
  3 gnolls (D:5)
  16 adders
  3 shadow imps
  A white imp (D:7)
  2 worms (D:3)
  4 dart slugs
  28 orcs
  6 endoplasms
  3 giant cockroaches
  15 goblins
  9 hobgoblins
  9 jackals
  7 quokkas
  8 ball pythons
  5 bats
  3 frilled lizards
  23 kobolds
  5 rats
324 creatures vanquished.

Notes
Turn   | Place    | Note
-------+----------+-------------------------------------------
     0 | D:1      | porpoise the Minotaur Cinder Acolyte began the quest for
                  | the Orb.
     0 | D:1      | Reached XP level 1. HP: 19/19 MP: 1/1
   111 | D:1      | Reached skill level 4 in Axes
   174 | D:1      | Reached XP level 2. HP: 24/27 MP: 2/2
   605 | D:1      | Reached XP level 3. HP: 33/33 MP: 3/3
  1071 | D:2      | Reached skill level 5 in Axes
  1099 | D:2      | Noticed Robin
  1101 | D:2      | Reached XP level 4. HP: 41/41 MP: 4/4
  1108 | D:2      | Killed Robin
  1109 | D:2      | Reached skill level 1 in Shields
  2067 | D:3      | Found an ancient bone altar of Kikubaaqudgha.
  2078 | D:3      | Reached XP level 5. HP: 45/47 MP: 5/5
  2129 | D:3      | Reached skill level 6 in Axes
  2160 | D:3      | Reached skill level 5 in Fighting
  2597 | D:3      | Found a faded altar of an unknown god.
  3016 | D:4      | Reached XP level 6. HP: 15/56 MP: 6/6
  3474 | D:4      | Found an iron altar of Okawaru.
  3847 | D:4      | Reached skill level 7 in Axes
  4138 | D:5      | Entered Level 5 of the Dungeon
  4187 | D:5      | Found a staircase to the Ecumenical Temple.
  4548 | D:5      | Reached XP level 7. HP: 62/62 MP: 7/7
  4951 | D:5      | Reached skill level 8 in Axes
  5008 | D:5      | Noticed Prince Ribbit
  5034 | D:5      | Killed Prince Ribbit
  5232 | D:5      | Found a shimmering blue altar of Sif Muna.
  5446 | D:6      | Reached XP level 8. HP: 70/71 MP: 8/8
  5490 | D:6      | Reached skill level 9 in Axes
  5490 | D:6      | Reached skill level 5 in Shields
  5670 | D:6      | Noticed Pikel
  5692 | D:6      | Killed Pikel
  5693 | D:6      | Reached skill level 10 in Axes
  5789 | D:6      | Reached skill level 1 in Armour
  5809 | D:6      | Noticed Duvessa
  5815 | D:6      | Killed Duvessa
  5815 | D:6      | Noticed Dowan
  5819 | D:6      | Killed Dowan
  5989 | D:6      | Reached XP level 9. HP: 76/79 MP: 9/9
  6054 | D:6      | Found a runed translucent door.
  6055 | D:6      | Noticed Crazy Yiuf
  6071 | D:6      | Killed Crazy Yiuf
  6368 | D:7      | Identified the +0 pair of boots of the Stars {rC+ Will+}
  6427 | D:7      | Reached skill level 11 in Axes
  6429 | D:7      | Found a stormy altar of Qazlal.
  6493 | D:7      | Found a shimmering altar of Xom.
  6603 | D:7      | Reached skill level 1 in Dodging
  6670 | D:7      | Found Haupro's Antique Weapon Shop.
  6673 | D:7      | Bought a crystal flail for 289 gold pieces
  6673 | D:7      | Identified the +4 flail of the Radish {heavy, ^Contam rElec
                  | rCorr} (You bought it in a shop on level 7 of the Dungeon)
  6822 | D:7      | Found a sparkling altar of Nemelex Xobeh.
  6822 | D:7      | Found a faded altar of an unknown god.
  6830 | D:7      | Found a broken altar of Ashenzari.
  6832 | D:7      | Found a faded altar of an unknown god.
  6834 | D:7      | Found a glowing silver altar of Zin.
  6865 | D:7      | Found a burning altar of Makhleb.
  7502 | D:8      | Noticed a rakshasa
  7526 | D:8      | Killed a rakshasa
  7527 | D:8      | Reached skill level 12 in Axes
  7527 | D:8      | Reached skill level 5 in Armour
  8096 | D:8      | Reached XP level 10. HP: 68/86 MP: 10/10
  8185 | D:8      | Reached skill level 13 in Axes
  8416 | D:8      | Found a white marble altar of Elyvilon.
  8604 | D:8      | Reached skill level 5 in Dodging
  8755 | D:8      | Found a radiant altar of Vehumet.
  9631 | D:9      | Noticed a two-headed ogre
  9646 | D:9      | Killed a two-headed ogre
  9647 | D:9      | Reached skill level 14 in Axes
  9857 | D:9      | Found a staircase to the Lair.
  9872 | D:9      | Noticed a +0 dagger
  9873 | D:9      | Found a hide-covered altar of Uskayaw.
  9873 | D:9      | Noticed a +0 dagger
 10179 | D:9      | Found a glowing golden altar of the Shining One.
 10297 | D:10     | Entered Level 10 of the Dungeon
 10323 | D:10     | Reached skill level 1 in Evocations
 10811 | D:10     | Identified the +1 plate armour of Benevolence {rC- Int+3
                  | Dex+3}
 10893 | D:10     | Noticed Nergalle
 10913 | D:10     | Killed Nergalle
 10914 | D:10     | Reached XP level 11. HP: 40/94 MP: 11/11
 11297 | D:10     | Found a hazy altar of Hepliaklqana.
 11529 | D:10     | Found a bloodstained altar of Trog.
 11729 | D:10     | Noticed Fannar
 11756 | D:10     | Killed Fannar
 12118 | Lair:1   | Entered Level 1 of the Lair of Beasts
 12522 | Lair:1   | Noticed Harold
 12541 | Lair:1   | Killed Harold
 13099 | Lair:1   | Noticed Gastronok
 13132 | Lair:1   | Killed Gastronok
 13680 | Lair:1   | Reached skill level 5 in Evocations
 13790 | Lair:1   | Reached skill level 10 in Fighting
 14498 | Lair:2   | Reached skill level 10 in Shields
 14520 | Lair:2   | Reached XP level 12. HP: 70/107 MP: 12/12
 15387 | Lair:2   | Found a staircase to the Snake Pit.
 15451 | Lair:2   | Reached skill level 15 in Axes
 16003 | Lair:3   | Found a staircase to the Shoals.
 16191 | Lair:3   | Noticed a four-headed hydra
 16200 | Lair:3   | Killed a one-headed hydra
 16509 | Lair:3   | Identified the ring "Lanarog" {Str+2 Int+4 SInv}
 16781 | Lair:3   | Reached skill level 16 in Axes
 17382 | Lair:4   | HP: 5/112 [killer bee (5)]
 17383 | Lair:4   | Killed from afar by a meliai

Illustrated notes

Levels and vault maps discovered:
D:1:      nzn_arrival_settlement, layout_loops_ring
D:2:      layout_loops_ring, kennysheep_doodads, uniq_robin
D:3:      layout_loops_corners, kiku_gazebo_pond_becter,
          ebering_ecumenical_altar_webs, chequers_serial_rivers_marsh,
          kennysheep_generic_room_16
D:4:      layout_basic, okawaru_metal_pillars_1_2, grunt_ministairs_13,
          bh_walls_and_bars
D:5:      layout_loops_ring, nicolae_sif_muna_little_library,
          minmay_temple_entry_wispy, uniq_prince_ribbit1
D:6:      layout_rooms, uniq_duvessa, uniq_pikel, uniq_crazy_yiuf_cottage
D:7:      layout_gridville, grunt_qazlal_sundering,
          chequers_temple_overflow_minitemple, lightli_temple_of_fire,
          xom_butterflies, serial_shops, kennysheep_mini
D:8:      cheibrodos_barr_body, layout_basic, elyvilon_altar_3, vehumet_statue
D:9:      layout_rooms, dancing_weapons_uskayaw, lemuel_coloured_pillars_altar,
          dpeg_oklobed_lair
D:10:     layout_irregular_city, worldfamousw_hep_ancestral_shrine, trog_book,
          uniq_fannar, uniq_nergalle
D:11:     layout_stronghold
Lair:1:   layout_loops_ring, uniq_gastronok, uniq_harold
Lair:2:   layout_cave_pods, alex1729_snake_entry_snake,
          infiniplex_staircase_pool_2
Lair:3:   layout_roguey, minmay_shoals_entry_centaurs
Lair:4:   layout_small_grid, special_room [special_room_bee], uniq_urug

Skill      XL: |  1  2  3  4  5  6  7  8  9 10 11 12 |
---------------+-------------------------------------+-----
Axes           | 4 5 6 7 8 10 12 14 16 | 16.0
Fighting       | 4 5 6 7 10 11 | 11.8
Shields        | 1 2 3 4 7 10 11 | 11.6
Armour         | 2 5 7 |  7.0
Dodging        | 4 7 |  7.0
Evocations     | 2 5 |  5.0
Spellcasting   | |  1.0
Fire Magic     | |  2.1

Action                     |  1- 3 |  4- 6 |  7- 9 | 10-12 || total
---------------------------+-------+-------+-------+-------++-------
  Melee: Hand axe          |    94 |   230 |   355 |   503 ||  1182
         Headbutt          |     5 |    33 |    53 |   180 ||   271
         Punch             |     1 |       |       |       ||     1
         War axe           |       |       |       |   315 ||   315
   Fire: Sling             |       |    12 |    23 |    20 ||    55
  Evoke: Wand              |       |       |       |     2 ||     2
    Use: Scroll            |     3 |     6 |     6 |     5 ||    20
         Potion            |       |     1 |     2 |    12 ||    15
   Stab: Held in net/web   |       |     1 |       |       ||     1
 Armour: Robe              |    18 |       |       |       ||    18
         Ring mail         |    40 |    40 |       |       ||    80
         Scale mail        |       |    97 |   204 |   154 ||   455
         Plate armour      |       |       |       |   300 ||   300
         Skin              |       |       |       |    46 ||    46
  Dodge: Dodged            |    57 |    83 |    89 |   165 ||   394
  Block: Kite shield       |       |    60 |   150 |   366 ||   576

Table legend: (Time is in decaauts)
 A = Elapsed time spent in this place.
 B = Non-inter-level travel time spent in this place.
 C = Inter-level travel time spent in this place.
 D = Time resting spent in this place.
 E = Time spent auto-exploring this place.
 F = Levels seen in this place.
 G = Mean time per level.
                   A        B        C        D        E       F      G
               +--------+--------+--------+--------+--------+-----+--------+
         Total |  17213 |  16654 |    559 |   5396 |   8424 |  15 | 1147.5 |
       Dungeon |  12130 |  11715 |    415 |   3298 |   6277 |  11 | 1102.7 |
          Lair |   5082 |   4939 |    143 |   2098 |   2146 |   4 | 1270.5 |
               +--------+--------+--------+--------+--------+-----+--------+

Top non-repeatable levels by time:
  Lair:1: 1910 daAuts
  Lair:2: 1802 daAuts
    D:10: 1754 daAuts
     D:8: 1695 daAuts
     D:9: 1546 daAuts
  Lair:3: 1274 daAuts
     D:4: 1202 daAuts
     D:5: 1175 daAuts
     D:3: 1162 daAuts
     D:2: 1036 daAuts
     D:7: 972 daAuts
     D:6: 809 daAuts
     D:1: 774 daAuts
  Lair:4: 94 daAuts
    D:11: 1 daAuts
